 Dungeon Crawl Stone Soup version 0.16.1-30-g34a7ffa (webtiles) character file.

2505 sscrono2 the Covert (level 9, -10/58 HPs)
             Began as an Octopode Assassin on June 17, 2015.
             Was an Initiate of Kikubaaqudgha.
             Shot with an arrow by a centaur (12 damage)
             ... on level 6 of the Dungeon.
             The game lasted 00:19:59 (6980 turns).

sscrono2 the Covert (Octopode Assassin)             Turns: 6980, Time: 00:19:59

Health: -10/58     AC:  1    Str: 11    XL:     9   Next: 53%
Magic:  20/20      EV: 15    Int: 15    God:    Kikubaaqudgha [......]
Gold:   61         SH:  0    Dex: 16    Spells: 0 memorised, 17 levels left

rFire  . . .     SeeInvis .     b - +1 blowgun
rCold  + . .     Clarity  .     (no shield)
rNeg   . . .     SustAb   .     (helmet restricted)
rPois  .         Gourm    .     (no amulet)
rElec  .         Spirit   .     c - ring of protection from cold
rCorr  .         Warding  .     q - ring of invisibility
rMut   .         Stasis   .     g - +2 ring of intelligence
MR     .....                    (no ring)
Stlth  +++++++...               (no ring)
                                (no ring)
                                (no ring)
                                (no ring)

@: not resistant to hostile enchantments, extremely stealthy
A: almost no armour, amphibious, 8 rings, constrict 8, camouflage 1, gelatinous
body 1
a: Renounce Religion, Evoke Invisibility


You were on level 6 of the Dungeon.
You worshipped Kikubaaqudgha.
Kikubaaqudgha was noncommittal.
You were full.

You visited 2 branches of the dungeon, and saw 7 of its levels.
You also visited: Sewer.

You collected 262 gold pieces.
You spent 201 gold pieces at shops.

Inventory:

Hand weapons
 a - a +2 dagger
 b - a +1 blowgun (weapon)
Missiles
 e - 15 poisoned needles (quivered)
 f - 2 curare-tipped needles
 y - 4 needles of paralysis
Jewellery
 c - a ring of protection from cold (left tentacle)
 g - a +2 ring of intelligence (on tentacle)
 q - a ring of invisibility (right tentacle)
Magical devices
 t - a wand of random effects (31)
 w - a wand of fire (12)
Scrolls
 h - 4 scrolls of remove curse
 l - 4 scrolls of teleportation
 m - a scroll of enchant armour {unknown}
 p - 2 scrolls of enchant weapon
 A - a scroll of noise
 B - a scroll of fear {unknown}
 C - 2 scrolls of fog
Potions
 i - 3 potions of restore abilities
 j - 2 potions of curing
 n - a potion of lignification
 o - 2 potions of haste
 s - 2 potions of agility
 u - 2 potions of magic
 z - 2 potions of brilliance
Comestibles
 d - 2 slices of pizza
 k - a meat ration
 r - a beef jerky
 v - 2 bread rations


   Skills:
 + Level 3.9 Fighting
 + Level 3.6 Short Blades
 + Level 4.4 Throwing
 + Level 4.8 Dodging
 + Level 12.3 Stealth
 * Level 4.9 Spellcasting


You had 17 spell levels left.
You didn't know any spells.

Dungeon Overview and Level Annotations

Branches:
Dungeon (6/15)             Temple (1/1) D:6

Altars:
Ashenzari
Cheibriados
Dithmenos
Elyvilon
Fedhas
Gozag
Kikubaaqudgha
Makhleb
Nemelex Xobeh
Okawaru
Qazlal
Ru
Sif Muna
Trog
Vehumet
Xom
Yredelemnul
Zin
The Shining One

Shops:
D:4 [   D:5 %?

Annotations:
D:4 zackoid's ghost, average OpTm


Innate Abilities, Weirdness & Mutations

You cannot wear most types of armour.
You are amphibious.
You can wear up to eight rings at the same time.
You can use your tentacles to constrict many enemies at once.
Your skin changes colour to match your surroundings (Stealth).
Your rubbery body absorbs attacks (AC +1).


Message History

You hear a splash.
The centaur shoots an arrow.
The arrow closely misses you.
You hear a splash.
The centaur shoots an arrow.
The arrow hits you!
* * * LOW HITPOINT WARNING * * *
You hear a splash.
The centaur shoots an arrow.
The arrow closely misses you.
You hear a splash.
You see here 4 arrows.
Kikubaaqudgha accepts your kill.
You feel a bit more experienced.
You kill the centaur!
Kikubaaqudgha accepts your kill.
The centaur shoots an arrow.
The arrow hits you!
* * * LOW HITPOINT WARNING * * *
You hear a splash.
You see here an arrow.
The centaur shoots an arrow.
The arrow hits you!
You die...
Kikubaaqudgha rasps: "You have failed me!
Welcome... death!"

#.......# ##.#.#.## ##
#.......# ...######.#.#.##
≈≈≈....##.....<.###########
≈≈≈≈≈≈≈..##.#.#.#..........#
.≈≈≈≈≈≈...........#.......#
#.≈≈≈≈##.##!##..#.#####.#
#.≈≈≈≈#@##(##....#####..
##.)(≈≈....(.....(##.....
##..((≈(..##.##...###.##..
#....≈≈≈≈.##.##..###..##..
#..c≈≈≈≈≈.......#.#.......
......≈≈≈≈≈.##.#.###.#..###.
((()..≈≈≈≈≈≈(##..## #.......
≈
≈≈(.≈≈≈≈≈≈≈≈(...#.###.#..###.
≈≈≈
≈≈≈≈≈≈≈≈≈.((###..#.##..###.


You could see a centaur.

Vanquished Creatures
  Pikel (D:5)
  Prince Ribbit (D:5)
  Edmund (D:4)
  An ice beast (D:6)
  A sky beast (D:5)
  4 centaurs (D:6)
  A giant frog (D:6)
  2 ogres (D:4)
  3 big kobolds (Sewer)
  Blork the orc (D:5)
  A jelly (D:5)
  2 crimson imps
  A hound (D:6)
  An orc wizard (D:5)
  2 orc priests (D:5)
  2 worker ants
  Natasha (thrice) (D:4)
  Jessica (D:3)
  A hound zombie (D:5)
  A hound skeleton (D:5)
  2 river rats (Sewer)
  10 adders
  3 gnolls (D:5)
  A shadow imp (D:6)
  A giant mite (D:5)
  12 worms
  7 giant geckos
  4 oozes
  8 orcs
  3 giant cockroaches (D:3)
  11 goblins
  14 hobgoblins
  21 jackals
  12 kobolds
  2 quokkas (D:5)
  6 ball pythons
  13 bats
  A giant gecko skeleton (D:6)
  6 giant newts
  18 rats
186 creatures vanquished.

Vanquished Creatures (others)
  A kobold (D:5)
1 creature vanquished.

Grand Total: 187 creatures vanquished

Notes
Turn   | Place    | Note
--------------------------------------------------------------
     0 | D:1      | sscrono2, the Octopode Assassin, began the quest for the Orb.
     0 | D:1      | Reached XP level 1. HP: 14/14 MP: 1/1
   527 | D:1      | Reached XP level 2. HP: 19/19 MP: 2/2
   629 | D:1      | Reached skill level 6 in Stealth
   948 | D:2      | Reached XP level 3. HP: 24/24 MP: 3/3
   984 | D:2      | Found a glowing golden altar of the Shining One.
  1558 | D:2      | Reached XP level 4. HP: 29/29 MP: 4/4
  1825 | D:3      | Reached skill level 7 in Stealth
  2661 | D:3      | Reached XP level 5. HP: 34/34 MP: 5/5
  2669 | D:3      | Reached skill level 1 in Spellcasting
  2687 | D:3      | Found a sacrificial altar of Ru.
  2720 | D:3      | Noticed Jessica
  2733 | D:3      | Killed Jessica
  3260 | D:4      | Noticed Edmund
  3267 | D:4      | Reached skill level 8 in Stealth
  3282 | D:4      | Killed Edmund
  3282 | D:4      | Reached XP level 6. HP: 39/41 MP: 9/9
  3289 | D:4      | Noticed an ogre
  3298 | D:4      | Killed an ogre
  3320 | D:4      | Noticed zackoid's ghost (average OpTm)
  3520 | D:4      | Noticed Natasha
  3528 | D:4      | Killed Natasha
  3562 | D:4      | Found a shattered altar of Ashenzari.
  3570 | D:4      | Found a radiant altar of Vehumet.
  3579 | D:4      | Found a blossoming altar of Fedhas.
  3590 | D:4      | Found a shimmering altar of Xom.
  3777 | D:4      | Noticed Natasha
  3779 | D:4      | Killed Natasha
  3814 | D:4      | Found a sparkling altar of Nemelex Xobeh.
  3933 | D:4      | Noticed Natasha
  3938 | D:4      | Killed Natasha
  4073 | D:4      | Found Claezir's Antique Armour Shoppe.
  4266 | D:4      | Reached skill level 9 in Stealth
  4266 | D:4      | Reached XP level 7. HP: 45/45 MP: 10/12
  4282 | D:5      | Entered Level 5 of the Dungeon
  4344 | D:5      | Noticed Prince Ribbit
  4358 | D:5      | Killed Prince Ribbit
  4368 | D:5      | Noticed Blork the orc
  4381 | D:5      | Killed Blork the orc
  4450 | D:5      | Noticed Pikel
  4472 | D:5      | Killed Pikel
  4472 | D:5      | Reached skill level 10 in Stealth
  4472 | D:5      | Reached XP level 8. HP: 52/52 MP: 15/17
  4540 | D:5      | Found Ikoafiuh's Magic Scroll Emporium.
  4545 | D:5      | Bought a scroll of identify for 26 gold pieces
  4545 | D:5      | Bought a scroll of teleportation for 39 gold pieces
  4545 | D:5      | Bought a scroll of noise for 13 gold pieces
  4545 | D:5      | Bought a scroll of magic mapping for 45 gold pieces
  4545 | D:5      | Bought a scroll of fog for 26 gold pieces
  4545 | D:5      | Bought a scroll of identify for 26 gold pieces
  4545 | D:5      | Bought a scroll of identify for 26 gold pieces
  4713 | D:5      | Found a burning altar of Makhleb.
  4960 | D:5      | Found Klais' Food Shop.
  4975 | D:5      | Found a glowing drain.
  4993 | Sewer    | Entered a sewer
  5200 | Sewer    | Reached skill level 11 in Stealth
  5252 | Sewer    | Reached XP level 9. HP: 50/58 MP: 20/20
  6310 | D:6      | Reached skill level 12 in Stealth
  6364 | D:6      | Found a staircase to the Ecumenical Temple.
  6370 | Temple   | Entered the Ecumenical Temple
  6410 | Temple   | Became a worshipper of Kikubaaqudgha
  6978 | D:6      | HP: 1/58 [centaur/arrow (15)]
  6980 | D:6      | Shot with an arrow by a centaur

Action                   |  1- 3 |  4- 6 |  7- 9 || total
-------------------------+-------+-------+-------++-------
Melee: Dagger            |    61 |   141 |   152 ||   354
 Fire: Blowgun           |       |    20 |    39 ||    59
  Use: Scroll            |       |     4 |     6 ||    10
 Stab: Sleeping          |    13 |    21 |    38 ||    72
       Distracted        |       |     1 |     3 ||     4
       Paralysed         |       |       |     1 ||     1
  Eat: Fruit             |     5 |       |       ||     5
       Bread ration      |       |     2 |       ||     2
       Meat ration       |       |       |     2 ||     2
